 Dungeon Crawl Stone Soup version 0.31-a0-1074-g0b22e4e0f1 (webtiles) character file.

Game seed: 13304691224812921261

2601181 silenth the Petrodigitator (level 27, 217/217 HPs)
             Began as a Djinni Fire Elementalist on Nov 25, 2023.
             Was the Champion of Makhleb.
             Escaped with the Orb
             ... and 4 runes on Nov 30, 2023!
             The game lasted 03:41:04 (58906 turns).

silenth the Petrodigitator (DjFE)                  Turns: 58906, Time: 03:41:04

Health: 217/217    AC: 15    Str:  5    XL:     27
Gold:   5582       EV: 25    Int: 33    God:    Makhleb [******] SH: 26 Dex: 22

rFire   + + +        a - staff of conjuration
rCold   . . .        v - +5 kite shield {reflect}
rNeg    + + .        Q - +5 robe "Boos Muo" {Regen+}
rPois   ∞            L - -2 hat of the Alchemist {rElec rPois rF+ rC+ rN+ Will+ rMut rCorr}
rElec   +            X - +1 cloak of the Desert {rN+}
rCorr   +            S - +2 pair of gloves
SInv    .            (boots unavailable)
Will    ++++.        T - amulet "Veegi" {Reflect rF+ Dex+6 SH+5}
Stlth   ++           b - +6 ring of intelligence
HPRegen 1.36/turn    M - ring "Loedunko" {Will+ rCorr AC+4}
MPRegen 0.00/turn

%: reflection, resist mutation
@: flying, hasted, studying 6 skills, very quick
A: sickness immunity, fire resistance 2, cold vulnerability 1, float, innate
caster, HP casting, extra vitality 1, dopey 1, electricity resistance, weak 1
0: Orb of Zot
}: 4/15 runes: serpentine, barnacled, slimy, silver
a: Renounce Religion, Minor Destruction, Lesser Servant of Makhleb, Major
Destruction, Greater Servant of Makhleb


You escaped.
You worshipped Makhleb.
Makhleb was exalted by your worship.
You visited 11 branches of the dungeon, and saw 53 of its levels.
You visited 1 bazaar.
You also visited: Gauntlet and Desolation.

You collected 10157 gold pieces.
You spent 4575 gold pieces at shops.

Inventory:

Missiles
 i - 11 throwing nets
 w - 14 curare-tipped darts
Armour
 v - a +5 kite shield of reflection (worn)
 L - the -2 hat of the Alchemist (worn) {rElec rPois rF+ rC+ rN+ Will+ rMut rCorr}
   (You bought it in a shop on level 3 of the Shoals)

   rF+:       It protects you from fire.
   rC+:       It protects you from cold.
   rElec:     It insulates you from electricity.
   rPois:     It protects you from poison rN+: It protects you from negative
   energy.
   Will+:     It increases your willpower.
   rCorr:     It protects you from acid and corrosion.
   rMut:      It protects you from mutation.
 Q - the +5 robe "Boos Muo" (worn) {Regen+}
   (You bought it in a shop on level 9 of the Dungeon)

   Regen+:    It increases your rate of health regeneration.
 S - a +2 pair of gloves (worn)
 X - the +1 cloak of the Desert (worn) {rN+}
   (You found it on level 1 of the Snake Pit)

   rN+:       It protects you from negative energy.
Magical Staves
 a - a staff of conjuration (weapon)
Jewellery
 b - a +6 ring of intelligence (left hand)
 e - the ring "Uplugroe" {rF+ Will+ Int+4 Dex+2}
   (You found it on level 5 of the Vaults)

   [ring of willpower]

   Int+4:     It affects your intelligence (+4).
   Dex+2:     It affects your dexterity (+2).
   rF+:       It protects you from fire.
   Will+:     It increases your willpower.
 B - a ring of see invisible
 M - the ring "Loedunko" (right hand) {Will+ rCorr AC+4}
   (You took it off a merfolk on level 4 of the Shoals)

   [ring of protection]

   AC+4:      It affects your AC (+4).
   Will+:     It increases your willpower.
   rCorr:     It protects you from acid and corrosion.
 T - the amulet "Veegi" (around neck) {Reflect rF+ Dex+6 SH+5}
   (You took it off an ironbound convoker in the Desolation of Salt)

   [amulet of reflection]

   Reflect:   It reflects blocked missile attacks.
   Dex+6:     It affects your dexterity (+6).
   rF+:       It protects you from fire.
   SH+5:      It affects your SH (+5).
Wands
 c - a wand of light (36)
 k - a wand of digging (17)
 A - a wand of roots (56)
 K - a wand of paralysis (25)
 N - a wand of mindburst (11)
 U - a wand of flame (111)
 Z - a wand of polymorph (27)
Scrolls
 g - 3 scrolls of vulnerability
 h - 12 scrolls of noise
 m - 2 scrolls of blinking
 n - 8 scrolls of fear
 o - 8 scrolls of silence
 p - 2 scrolls of immolation
 r - 3 scrolls of summoning
 u - 8 scrolls of poison
 C - 25 scrolls of teleportation
 D - 8 scrolls of fog
 P - a scroll of enchant armour
Potions
 f - 9 potions of attraction
 j - 5 potions of enlightenment
 l - 4 potions of lignification
 q - 11 potions of heal wounds
 s - a potion of resistance
 t - 16 potions of curing
 z - 6 potions of brilliance
 E - 5 potions of mutation
 F - 7 potions of haste
 H - 4 potions of cancellation
 I - 5 potions of berserk rage
 O - 5 potions of ambrosia
 R - 9 potions of might
 W - 5 potions of invisibility
Miscellaneous
 d - a phial of floods
 x - a lightning rod (4/4)
 y - a phantom mirror
 G - a sack of spiders


   Skills:
 + Level 23.6 Fighting
 - Level 2.0 Short Blades
 - Level 12.0 Staves
 - Level 10.0 Armour
 + Level 17.5 Dodging
 + Level 11.2 Stealth
 + Level 17.2 Shields
 * Level 23.7 Spellcasting
 * Level 25.6 Conjurations
 * Level 23.7 Hexes
 * Level 23.7 Summonings
 * Level 23.7 Necromancy
 * Level 23.7 Translocations
 * Level 23.7 Transmutations
 O Level 27 Fire Magic
 * Level 26.7 Ice Magic
 * Level 23.7 Air Magic
 O Level 27 Earth Magic
 * Level 23.7 Poison Magic
 - Level 14.0 Invocations
 - Level 10.0 Evocations


You knew the following spells:

 Your Spells              Type           Power      Damage    Failure   Level
a - Foxfire               Conj/Fire      100%       2x1d9     0%          1
b - Scorch                Fire           100%       2d9       0%          2
c - Volatile Blastmotes   Fire/Tloc      100%       2d18      0%          3
d - Inner Flame           Hex/Fire       100%       N/A       0%          3
e - Flame Wave            Conj/Fire      100%       2d21      0%          4
f - Shock                 Conj/Air       100%       1d9       0%          1
g - Lesser Beckoning      Tloc           100%       N/A       0%          2
h - Summon Guardian Gole  Hex/Summ       100%       N/A       0%          3
i - Frozen Ramparts       Ice            100%       1d16      0%          3
j - Fulminant Prism       Conj/Hex       70%        3d30      0%          4
k - Yara's Violent Unrav  Hex/Tmut       57%        3d22      0%          5
l - Simulacrum            Ice/Necr       58%        N/A       0%          6
m - Starburst             Conj/Fire      72%        6d19      0%          6
n - Enfeeble              Hex            57%        N/A       1%          7
o - Lehudib's Crystal Sp  Conj/Erth      72%        10d16     1%          8
p - Malign Gateway        Summ/Tloc      57%        N/A       1%          7
q - Polar Vortex          Ice            60%        12d8*     3%          9
r - Dragon's Call         Summ           57%        N/A       11%         9
Your spell library was empty.

Dungeon Overview and Level Annotations

Branches:
Dungeon (15/15)            Temple (1/1) D:5            Lair (5/5) D:11
 Shoals (4/4) Lair:2        Snake (4/4) Lair:2        Slime (5/5) Lair:4
    Orc (2/2) D:9             Elf (3/3) Orc:2        Vaults (5/5) D:14
  Crypt (0/3) Vaults:3     Depths (4/4) D:15            Zot (5/5) Depths:4
Desolation (visited)      Gauntlet (visited)

Altars:
Ashenzari
Cheibriados
Dithmenos
Elyvilon
Fedhas
Gozag
Hepliaklqana
Makhleb
Nemelex Xobeh
Okawaru
Qazlal
Ru
Trog
Uskayaw
Wu Jian
Xom
Yredelemnul
Zin
The Shining One

Shops:
D:3 (   D:4 *   D:5 *   D:9 *[*(:!=   Orc:2 ([!(   Elf:3 :   Shoals:3 :=[
Shoals:4 ?:(   Snake:2 :   Vaults:1 :   Vaults:2 (   Depths:2 (   Depths:3 :

Portals:
Hell: Depths:1 Depths:2 Depths:3 Depths:4
Abyss: Depths:3
Pandemonium: Depths:1 Depths:2
Ziggurat: Depths:3

Annotations:
D:11 1 runed translucent door, strifetoe's ghost, journeyman HOMo
D:12 1 runed translucent door, timneilson's ghost, journeyman OpSh
D:15 2 transporters, Etsiduud's ghost, journeyman MiFi
Zot:4 6 transporters


Innate Abilities, Weirdness & Mutations

You are immune to sickness and miasma.
You are immune to poison.
Your flesh is very heat resistant. (rF++)
You are vulnerable to cold. (rC-)
You float through the air rather than walking.
You learn spells naturally, not from books.
Your magical power is your life essence.
You have superior vitality. (+4 MHP)
You are dopey. (Int -2)
You are resistant to electric shocks. (rElec)
You are weak. (Str -2)


Message History

There is a stone staircase leading down here.
What level of the Dungeon? (default 1, ? - help)
A sun demon comes into view.
Casting: Malign Gateway (mildly dangerous; 1% risk of failure)
Confirm with . or Enter, or press ? or * to list all spells.
Aiming: Lehudib's Crystal Spear (mildly dangerous; 1% risk of failure)
Press: ? - help, Shift-Dir - straight line, f - sun demon
Aim: a sun demon (81% to hit)
You feel a surge of power!
The crystal spear hits the sun demon!!!!
You kill the sun demon!
Makhleb accepts your kill.
You feel better.
What level of the Dungeon? (default 1, ? - help)
There is a stone staircase leading up here.
You fly upwards.
There is a stone staircase leading down here.
There is a stone staircase leading up here.
You fly upwards.
There is a stone staircase leading down here.
A Brimstone Fiend comes into view.
There is a stone staircase leading up here.
You fly upwards.
There is a stone staircase leading down here.
What level of the Dungeon? (default 1, ? - help)
There is a stone staircase leading up here.
You fly upwards.
There is a stone staircase leading down here.
A Xiqumay and a lich come into view.
You feel yourself speed up.
Press: ? - help, v - describe, . - travel
Here: Xiqumay The floor.
The lich shouts!
A smoke demon comes into view.
There is a staircase leading out of the dungeon here.
Casting: Lehudib's Crystal Spear (mildly dangerous; 1% risk of failure)
Confirm with . or Enter, or press ? or * to list all spells.
You can't see any susceptible monsters within range! (Use Z to cast anyway.)
You have escaped!

###########################
..........................#
..........................#
##..####.####...#######...#
#..# #.# ##...### #...# #..#
#.# #......# #...#
##..####.###......# #...#
.......#........@.#####...#
.......†..................#
.......#####......#####...#
.......# #####&.# #...#
###..### #..# #...#
###..###########..#####...#
..........................#
............&.............###
########.##################.#


You could see Xiqumay.

Vanquished Creatures
  the Royal Jelly (Slime:5)
  3 ancient liches (Zot:5)
  5 orbs of fire
  5 dread liches
  2 juggernauts (Depths:4)
  Bai Suzhen (Snake:3)
  4 Killer Klowns
  A curse toe (Zot:1)
  Vashnia (Snake:4)
  13 golden dragons
  A bone dragon (Depths:4)
  6 electric golems
  Zenata (Vaults:2)
  Jorgrun (Orc:2)
  17 tentacled monstrosities
  5 liches
  25 Orb Guardians (Zot:5)
  6 quicksilver dragons
  6 titans
  2 deep elf master archers (Elf:3)
  2 deep elf blademasters (Elf:3)
  5 sphinxes
  11 death cobs
  15 acid blobs
  3 krakens
  2 eldritch tentacles
  An Executioner (D:11)
  Kirke (Shoals:4)
  The ghost of Pileu the Eclecticist, an adept DsFE of Sif Muna (Vaults:4)
  7 tengu reavers
  7 shadow dragons
  9 nagarajas
  The ghost of Kevimi the Acrobat, an adept FeNe of Sif Muna (Vaults:4)
  10 azure jellies
  Aizul (Snake:2)
  11 storm dragons
  6 draconian knights
  13 draconian monks
  7 rockslimes
  5 frost giants
  3 fire giants
  6 deep elf sorcerers
  11 draconian scorchers
  22 vault wardens
  3 imperial myrmidons (Desolation)
  2 ghost moths
  5 deep elf elementalists
  2 orc warlords
  A balrug (D:9)
  10 draconian shifters
  An iron dragon (Depths:4)
  8 draconian annihilators
  3 draconian stormcallers
  24 ironbound preservers
  10 quicksilver oozes
  3 spriggan defenders
  5 ironbound thunderhulks
  12 very ugly things
  6 formless jellyfish
  22 stone giants
  3 vampire knights
  12 green draconians
  2 demonspawn black suns (Zot:1)
  A minotaur (Gauntlet)
  Azrael (D:15)
  16 red draconians
  22 dire elephants
  11 purple draconians
  8 deep elf demonologists
  12 black draconians
  14 white draconians
  9 deep elf annihilators
  7 spark wasps
  21 yellow draconians
  4 merfolk javelineers (Shoals:4)
  7 ettins
  A green death (Gauntlet)
  6 deep elf death magi
  5 crystal guardians
  4 deep elf high priests
  A quicksilver dragon zombie (Depths:1)
  5 merfolk impalers
  10 fire dragons
  10 ragged hierophants (Desolation)
  13 yaktaur captains
  3 entropy weavers
  3 spriggan air magi
  A nameless horror (Zot:1)
  5 ice dragons
  8 hydras
  33 vault guards
  11 servants of whispers (Desolation)
  6 great orbs of eyes
  7 merfolk avatars
  10 peacekeepers
  7 rakshasas
  8 anacondas
  8 ironbound frosthearts
  2 ogre magi (Orc:2)
  3 alligator snapping turtles
  A satyr (Shoals:4)
  8 centaur warriors
  24 dancing weapons
  11 two-headed ogres
  6 deep troll shamans
  5 boulder beetles
  5 death yaks (Lair:4)
  13 naga warriors
  6 merfolk aquamancers
  10 deep troll earth magi
  4 tengu warriors
  2 vampire magi
  2 occultists (Depths:3)
  An orc high priest (Orc:1)
  A shock serpent (shapeshifter) (Vaults:5)
  14 naga sharpshooters
  4 hell knights
  7 sun demons
  7 spriggan berserkers
  15 deep elf knights
  8 shock serpents
  A skyshark (shapeshifter) (Vaults:5)
  A fire crab (D:12)
  A fire crab (shapeshifter) (Vaults:5)
  5 skeletal warriors
  A sixfirhy (Depths:1)
  A goliath frog (Shoals:4)
  4 iron trolls
  A shadow wraith (Vaults:5)
  3 salamander mystics (Snake:2)
  2 skysharks
  31 sea snakes
  An obsidian statue (Zot:5)
  A storm dragon skeleton (D:15)
  70 deep trolls
  4 glowing orange brains
  An orb spider (shapeshifter) (Vaults:5)
  6 naga ritualists
  A glowing orange brain (shapeshifter) (Depths:4)
  3 flayed ghosts
  16 deep elf archers
  10 arcanists
  5 phantasmal warriors
  6 necromancers
  24 ironbound convokers
  10 lindwurms
  12 mana vipers
  6 orc knights
  3 orc sorcerers
  23 harpies
  25 deep elf pyromancers
  31 deep elf zephyrmancers
  2 fire giant zombies
  An oklob plant (Lair:2)
  11 cyclopes
  9 salamanders
  A frost giant zombie (Depths:1)
  4 shining eyes
  23 moths of wrath
  A wolf spider (D:12)
  A cyclops (shapeshifter) (Vaults:5)
  11 fauns (Shoals:1)
  46 ugly things
  2 manticores (shapeshifter) (Vaults:5)
  19 manticores
  5 guardian serpents
  A moth of wrath (shapeshifter) (Vaults:1)
  6 merfolk sirens
  A rust devil (Gauntlet)
  13 vault sentinels
  25 naga magi
  3 molten gargoyles (Desolation)
  2 torpor snails
  A stone giant skeleton (Vaults:4)
  5 water nymphs
  37 black mambas
  2 orange demons (Gauntlet)
  A guardian serpent (shapeshifter) (Depths:3)
  A torpor snail (shapeshifter) (Vaults:5)
  2 gargoyles
  18 cane toads
  A yaktaur zombie (Vaults:4)
  3 unseen horrors
  2 rime drakes (Lair:5)
  2 efreet (Gauntlet)
  35 yaktaurs
  3 freezing wraiths
  An ice devil (Gauntlet)
  7 komodo dragons
  2 tengu conjurers (Depths:3)
  5 wind drakes
  10 trolls
  3 polar bears
  32 merfolk
  79 saltlings (Desolation)
  9 hornets
  A snapping turtle (shapeshifter) (Vaults:5)
  30 blink frogs
  2 dream sheep (Lair:5)
  2 glass eyes
  A human simulacrum (Vaults:4)
  9 snapping turtles
  Sigmund (D:2)
  A flying skull (Vaults:3)
  An ettin skeleton (Vaults:4)
  82 slime creatures
  28 yaks
  3 ynoxinuls
  A spriggan skeleton (D:15)
  17 water elementals
  An air elemental (Elf:3)
  2 centaur simulacra
  18 spriggans
  A shadow (D:9)
  2 vampires
  4 wyverns
  An elf zombie (Vaults:4)
  A human (Shoals:4)
  A wraith (D:10)
  4 basilisks
  6 hogs (Shoals:4)
  4 golden eyes (Slime:5)
  4 redbacks
  4 vampire mosquitoes (D:10)
  Grum (Lair:1)
  8 fire elementals
  4 steam dragons
  A chaos spawn (Zot:5)
  4 wargs
  50 nagas
  5 acid dragons
  14 water moccasins
  7 hell hounds
  A glowing shapeshifter skeleton (Depths:1)
  2 human zombies (Vaults:4)
  30 ogres
  14 orc warriors
  An ice beast (D:3)
  5 black bears (Lair:5)
  2 sky beasts
  A spriggan simulacrum (Depths:1)
  5 boggarts (Lair:5)
  27 wolves
  10 centaurs
  A phantom (D:6)
  3 kobold brigands
  12 bullfrogs
  4 earth elementals
  A gnoll sergeant (D:6)
  2 scorpions
  4 wights (D:10)
  18 killer bees
  2 howler monkeys
  4 electric eels
  2 jellies
  7 hounds
  A gnoll bouda (Orc:1)
  6 orc priests
  Crazy Yiuf (D:2)
  5 iron imps
  3 sleepcaps
  Jessica (D:2)
  3 iguanas
  7 orc wizards
  6 hell rats (Lair:5)
  9 gnolls
  12 adders
  5 white imps
  4 ufetubi
  A worm (D:2)
  2 dart slugs
  43 orcs
  A giant cockroach (D:1)
  7 hobgoblins
  4 jackals (D:2)
  2 quokkas
  9 ball pythons
  6 bats
  2 frilled lizards (D:1)
  6 goblins
  20 kobolds
  2 rats (D:1)
  3 fulminant prisms
  A spectral weapon (Snake:2)
  5 tentacles
2275 creatures vanquished.

Vanquished Creatures (collateral kills)
  A tentacled monstrosity (Zot:4)
  A nagaraja (Snake:4)
  A draconian stormcaller (Zot:2)
  A black draconian (Zot:5)
  A white draconian (Zot:5)
  2 red draconians
  A yellow draconian (Zot:4)
  An ice dragon (D:14)
  A hell beast (D:6)
  A spriggan air mage (Depths:4)
  An ironbound frostheart (Vaults:4)
  A deep troll shaman (Depths:4)
  2 dancing weapons (Elf:2)
  2 deep elf knights (Elf:2)
  An iron troll (Depths:4)
  2 sea snakes (Snake:4)
  2 deep trolls (Depths:4)
  A necromancer (D:14)
  A moth of wrath (Zot:4)
  A glass eye (Depths:4)
  2 fire elementals (Gauntlet)
  A naga (Snake:3)
  An orc wizard (Orc:2)
  3 foxfires
32 creatures vanquished.

Vanquished Creatures (others)
  The ghost of Axiustri the Archmage, an adept DESu of Gozag (Snake:1)
  10 eldritch tentacles
  A draconian monk (Zot:3)
  A white draconian (Zot:3)
  A merfolk aquamancer (Shoals:4)
  A mana viper (Snake:2)
  A deep elf pyromancer (Elf:2)
  A black mamba (Lair:2)
  A saltling (Desolation)
  A slime creature (D:15)
  A black bear (Lair:2)
  850 foxfires
  166 fulminant prisms
  15 tentacles
1051 creatures vanquished.

Grand Total: 3358 creatures vanquished

Notes
Turn   | Place    | Note
-------+----------+-------------------------------------------
     0 | D:1      | Reached skill level 3 in Spellcasting
     0 | D:1      | Reached skill level 3 in Conjurations
     0 | D:1      | Reached skill level 3 in Hexes
     0 | D:1      | Reached skill level 3 in Summonings
     0 | D:1      | Reached skill level 3 in Necromancy
     0 | D:1      | Reached skill level 3 in Translocations
     0 | D:1      | Reached skill level 3 in Transmutations
     0 | D:1      | Reached skill level 3 in Fire Magic
     0 | D:1      | Reached skill level 3 in Ice Magic
     0 | D:1      | Reached skill level 3 in Air Magic
     0 | D:1      | Reached skill level 3 in Earth Magic
     0 | D:1      | Reached skill level 3 in Poison Magic
     0 | D:1      | silenth the Djinni Fire Elementalist began the quest for
                  | the Orb.
     0 | D:1      | silenth set off with the following spells memorised:
                  | Foxfire, Scorch, Volatile Blastmotes, Inner Flame, Flame
                  | Wave.
     0 | D:1      | Reached XP level 1. HP: 15/15 MP: 0/0
   317 | D:1      | Reached XP level 2. HP: 21/22 MP: 0/0
   336 | D:1      | Reached skill level 1 in Fighting
   747 | D:1      | Reached XP level 3. HP: 27/27 MP: 0/0
   747 | D:1      | Learned a level 1 spell: Shock
  1063 | D:2      | Reached skill level 2 in Fighting
  1070 | D:2      | Reached XP level 4. HP: 30/33 MP: 0/0
  1137 | D:2      | Noticed Jessica
  1142 | D:2      | Killed Jessica
  1294 | D:2      | Noticed Sigmund
  1308 | D:2      | Killed Sigmund
  1309 | D:2      | Reached skill level 4 in Fighting
  1309 | D:2      | Reached skill level 4 in Spellcasting
  1309 | D:2      | Reached skill level 4 in Conjurations
  1309 | D:2      | Reached skill level 4 in Hexes
  1309 | D:2      | Reached skill level 4 in Summonings
  1309 | D:2      | Reached skill level 4 in Necromancy
  1309 | D:2      | Reached skill level 4 in Translocations
  1309 | D:2      | Reached skill level 4 in Transmutations
  1309 | D:2      | Reached skill level 4 in Fire Magic
  1309 | D:2      | Reached skill level 4 in Ice Magic
  1309 | D:2      | Reached skill level 4 in Air Magic
  1309 | D:2      | Reached skill level 4 in Earth Magic
  1309 | D:2      | Reached skill level 4 in Poison Magic
  1309 | D:2      | Reached XP level 5. HP: 33/41 MP: 0/0
  1309 | D:2      | Learned a level 2 spell: Lesser Beckoning
  1309 | D:2      | Reached XP level 6. HP: 38/47 MP: 0/0
  1437 | D:2      | Found a runed translucent door.
  1438 | D:2      | Noticed Crazy Yiuf
  1444 | D:2      | Killed Crazy Yiuf
  1771 | D:3      | Found Beaptu's Antique Weapon Boutique.
  1780 | D:3      | Found a faded altar of an unknown god.
  1826 | D:3      | Noticed an ice beast
  1831 | D:3      | Killed an ice beast
  1832 | D:3      | Reached XP level 7. HP: 50/53 MP: 0/0
  1832 | D:3      | Learned a level 3 spell: Summon Guardian Golem
  1917 | D:3      | Found a white marble altar of Elyvilon.
  1992 | D:3      | Found a snail-covered altar of Cheibriados.
  2078 | D:3      | Found a burning altar of Makhleb.
  2092 | D:3      | Became a worshipper of Makhleb the Destroyer
  2449 | D:4      | Reached skill level 5 in Fighting
  2576 | D:4      | Reached skill level 5 in Spellcasting
  2576 | D:4      | Reached skill level 5 in Conjurations
  2576 | D:4      | Reached skill level 5 in Hexes
  2576 | D:4      | Reached skill level 5 in Summonings
  2576 | D:4      | Reached skill level 5 in Necromancy
  2576 | D:4      | Reached skill level 5 in Translocations
  2576 | D:4      | Reached skill level 5 in Transmutations
  2576 | D:4      | Reached skill level 5 in Fire Magic
  2576 | D:4      | Reached skill level 5 in Ice Magic
  2576 | D:4      | Reached skill level 5 in Air Magic
  2576 | D:4      | Reached skill level 5 in Earth Magic
  2576 | D:4      | Reached skill level 5 in Poison Magic
  2671 | D:4      | Found a hide-covered altar of Uskayaw.
  2782 | D:4      | Found Daclocap's Neck Hole.
  2916 | D:4      | Found Xalachank's Magic Scroll Shoppe.
  2929 | D:4      | Bought a scroll of identify for 28 gold pieces
  2929 | D:4      | Bought a scroll of identify for 28 gold pieces
  2929 | D:4      | Bought a scroll of identify for 28 gold pieces
  2929 | D:4      | Bought a scroll of noise for 14 gold pieces
  2929 | D:4      | Bought a scroll of teleportation for 42 gold pieces
  2929 | D:4      | Bought a scroll of teleportation for 42 gold pieces
  2961 | D:4      | Found a shadowy altar of Dithmenos.
  3057 | D:5      | Entered Level 5 of the Dungeon
  3057 | D:5      | Found a staircase to the Ecumenical Temple.
  3070 | Temple   | Entered the Ecumenical Temple
  3253 | D:5      | Reached XP level 8. HP: 56/61 MP: 0/0
  3339 | D:5      | Found Eguruesch's Assorted Antiques.
  3344 | D:5      | Bought a scroll labelled BOKAKK WEIGEXU for 24 gold pieces
  3344 | D:5      | Bought 2 puce potions for 43 gold pieces
  3396 | D:5      | Reached skill level 6 in Fighting
  3749 | D:5      | Reached * piety under Makhleb
  4016 | D:6      | Reached skill level 6 in Spellcasting
  4016 | D:6      | Reached skill level 6 in Conjurations
  4016 | D:6      | Reached skill level 6 in Hexes
  4016 | D:6      | Reached skill level 6 in Summonings
  4016 | D:6      | Reached skill level 6 in Necromancy
  4016 | D:6      | Reached skill level 6 in Translocations
  4016 | D:6      | Reached skill level 6 in Transmutations
  4016 | D:6      | Reached skill level 6 in Fire Magic
  4016 | D:6      | Reached skill level 6 in Ice Magic
  4016 | D:6      | Reached skill level 6 in Air Magic
  4016 | D:6      | Reached skill level 6 in Earth Magic
  4016 | D:6      | Reached skill level 6 in Poison Magic
  4032 | D:6      | Reached skill level 7 in Fighting
  4032 | D:6      | Reached skill level 3 in Dodging
  4035 | D:6      | Reached XP level 9. HP: 36/68 MP: 0/0
  4035 | D:6      | Learned a level 3 spell: Frozen Ramparts
  4361 | D:6      | Reached skill level 4 in Dodging
  4382 | D:6      | Found a hazy altar of Hepliaklqana.
  4439 | D:6      | Found a stormy altar of Qazlal.
  4807 | D:6      | Reached skill level 5 in Dodging
  4995 | D:7      | Reached skill level 8 in Fighting
  5025 | D:7      | Reached skill level 1 in Armour
  5025 | D:7      | Reached skill level 2 in Stealth
  5097 | D:7      | Found an ornate altar of the Wu Jian Council.
  5142 | D:7      | Reached ** piety under Makhleb
  5692 | D:8      | Found a sparkling altar of Nemelex Xobeh.
  5702 | D:8      | Reached skill level 2 in Armour
  5702 | D:8      | Reached XP level 10. HP: 66/76 MP: 0/0
  5792 | D:8      | Identified a scroll of acquirement
  5792 | D:8      | Acquired 1177 gold pieces
  5896 | D:4      | Bought an amulet of regeneration for 360 gold pieces
  5896 | D:4      | Bought a +2 cloak for 198 gold pieces
  5969 | D:5      | Bought a brass wand for 96 gold pieces
  6034 | D:4      | Bought a scroll of identify for 28 gold pieces
  6034 | D:4      | Bought a scroll of identify for 28 gold pieces
  6034 | D:4      | Bought a scroll of identify for 28 gold pieces
  6034 | D:4      | Bought a scroll of identify for 28 gold pieces
  6261 | D:8      | Reached skill level 1 in Invocations
  6261 | D:8      | Reached skill level 1 in Evocations
  6759 | D:8      | Reached skill level 3 in Stealth
  7317 | D:9      | Found Esehit's Book Shoppe.
  7323 | D:9      | Found Egujujacs's Assorted Antiques.
  7332 | D:9      | Bought a lumpy black potion for 20 gold pieces
  7332 | D:9      | Bought a scroll of identify for 46 gold pieces
  7332 | D:9      | Bought a scroll of fear for 92 gold pieces
  7333 | D:9      | Found Otygait's Distillery.
  7341 | D:9      | Bought a potion of haste for 150 gold pieces
  7341 | D:9      | Bought a potion of heal wounds for 75 gold pieces
  7341 | D:9      | Bought a potion of heal wounds for 75 gold pieces
  7341 | D:9      | Bought a potion of cancellation for 120 gold pieces
  7368 | D:9      | Found Ochiez's Assorted Antiques.
  7376 | D:9      | Bought a fizzy red potion for 33 gold pieces
  7394 | D:9      | Reached skill level 3 in Armour
  7394 | D:9      | Reached skill level 2 in Invocations
  7394 | D:9      | Reached skill level 2 in Evocations
  7423 | D:9      | Reached skill level 7 in Spellcasting
  7423 | D:9      | Reached skill level 7 in Conjurations
  7423 | D:9      | Reached skill level 7 in Hexes
  7423 | D:9      | Reached skill level 7 in Summonings
  7423 | D:9      | Reached skill level 7 in Necromancy
  7423 | D:9      | Reached skill level 7 in Translocations
  7423 | D:9      | Reached skill level 7 in Transmutations
  7423 | D:9      | Reached skill level 7 in Fire Magic
  7423 | D:9      | Reached skill level 7 in Ice Magic
  7423 | D:9      | Reached skill level 7 in Air Magic
  7423 | D:9      | Reached skill level 7 in Earth Magic
  7423 | D:9      | Reached skill level 7 in Poison Magic
  7493 | D:9      | Found Deiriro's Armour Boutique.
  7512 | D:9      | Reached skill level 9 in Fighting
  7512 | D:9      | Found a staircase to the Orcish Mines.
  7514 | D:9      | Found Wimesk's Weapon Boutique.
  7618 | D:9      | Found Qewnecir's Jewellery Boutique.
  7885 | D:10     | Entered Level 10 of the Dungeon
  7902 | D:10     | Reached *** piety under Makhleb
  8055 | D:10     | Reached skill level 10 in Fighting
  8174 | D:10     | Reached skill level 8 in Spellcasting
  8174 | D:10     | Reached skill level 8 in Conjurations
  8174 | D:10     | Reached skill level 8 in Hexes
  8174 | D:10     | Reached skill level 8 in Summonings
  8174 | D:10     | Reached skill level 8 in Necromancy
  8174 | D:10     | Reached skill level 8 in Translocations
  8174 | D:10     | Reached skill level 8 in Transmutations
  8174 | D:10     | Reached skill level 8 in Fire Magic
  8174 | D:10     | Reached skill level 8 in Ice Magic
  8174 | D:10     | Reached skill level 8 in Air Magic
  8174 | D:10     | Reached skill level 8 in Earth Magic
  8174 | D:10     | Reached skill level 8 in Poison Magic
  8174 | D:10     | Reached XP level 11. HP: 79/85 MP: 0/0
  8174 | D:10     | Learned a level 4 spell: Fulminant Prism
  8635 | D:11     | Noticed a purple ugly thing
  8649 | D:11     | Noticed a manticore
  8651 | D:11     | Killed a purple ugly thing
  8664 | D:11     | Killed a manticore
  8853 | D:11     | Found a staircase to the Lair.
  8886 | D:11     | Noticed a two-headed ogre
  8893 | D:11     | Killed a two-headed ogre
  8894 | D:11     | Reached skill level 11 in Fighting
  9011 | D:11     | Found a runed translucent door.
  9011 | D:11     | Noticed strifetoe's ghost (journeyman HOMo)
  9031 | D:11     | Found a snail-covered altar of Cheibriados.
  9744 | Lair:1   | Entered Level 1 of the Lair of Beasts
  9914 | Lair:1   | Noticed Grum
  9927 | Lair:1   | Killed Grum
  9937 | Lair:1   | Reached **** piety under Makhleb
  9972 | Lair:1   | Reached skill level 9 in Spellcasting
  9972 | Lair:1   | Reached skill level 9 in Conjurations
  9972 | Lair:1   | Reached skill level 9 in Hexes
  9972 | Lair:1   | Reached skill level 9 in Summonings
  9972 | Lair:1   | Reached skill level 9 in Necromancy
  9972 | Lair:1   | Reached skill level 9 in Translocations
  9972 | Lair:1   | Reached skill level 9 in Transmutations
  9972 | Lair:1   | Reached skill level 9 in Fire Magic
  9972 | Lair:1   | Reached skill level 9 in Ice Magic
  9972 | Lair:1   | Reached skill level 9 in Air Magic
  9972 | Lair:1   | Reached skill level 9 in Earth Magic
  9972 | Lair:1   | Reached skill level 9 in Poison Magic
  9972 | Lair:1   | Reached skill level 3 in Invocations
  9988 | Lair:1   | Reached skill level 4 in Armour
 10125 | Lair:1   | Reached XP level 12. HP: 87/94 MP: 0/0
 10126 | Lair:1   | Reached skill level 6 in Dodging
 10339 | Lair:1   | Reached skill level 4 in Invocations
 10627 | Lair:2   | Reached skill level 12 in Fighting
 10628 | Lair:2   | Noticed a five-headed hydra
 10636 | Lair:2   | Noticed a seven-headed hydra
 10637 | Lair:2   | Killed a five-headed hydra
 10638 | Lair:2   | Reached skill level 7 in Dodging
 10643 | Lair:2   | Killed a seven-headed hydra
 10644 | Lair:2   | Reached skill level 5 in Invocations
 10796 | Lair:2   | Reached ***** piety under Makhleb
 11048 | Lair:2   | Reached skill level 8 in Dodging
 11406 | Lair:2   | Found a staircase to the Snake Pit.
 11519 | Lair:2   | Reached XP level 13. HP: 95/102 MP: 0/0
 11519 | Lair:2   | Learned a level 5 spell: Yara's Violent Unravelling
 11540 | Lair:2   | Found a staircase to the Shoals.
 11809 | Lair:3   | Identified the +3 falchion "Famp" {antimagic, Will++ Dex+4}
 11812 | Lair:3   | Noticed an eight-headed hydra
 11840 | Lair:3   | Noticed a six-headed hydra
 11849 | Lair:3   | Killed a six-headed hydra
 11988 | Lair:3   | Acquired 917 gold pieces
 12195 | D:9      | Bought the ring of Shadows {Umbra +Inv Stlth+} for 520 gold
                  | pieces
 12195 | D:9      | Found the ring of Shadows {Umbra +Inv Stlth+}
 12211 | D:9      | Bought the +5 robe "Boos Muo" {Regen+} for 490 gold pieces
 12369 | Lair:3   | Killed an eight-headed hydra
 12370 | Lair:3   | Reached skill level 4 in Stealth
 12372 | Lair:3   | Reached skill level 5 in Armour
 12378 | Lair:3   | Reached skill level 13 in Fighting
 12597 | Lair:3   | Reached skill level 9 in Dodging
 13560 | Lair:4   | Reached skill level 10 in Spellcasting
 13560 | Lair:4   | Reached skill level 10 in Conjurations
 13560 | Lair:4   | Reached skill level 10 in Hexes
 13560 | Lair:4   | Reached skill level 10 in Summonings
 13560 | Lair:4   | Reached skill level 10 in Necromancy
 13560 | Lair:4   | Reached skill level 10 in Translocations
 13560 | Lair:4   | Reached skill level 10 in Transmutations
 13560 | Lair:4   | Reached skill level 10 in Fire Magic
 13560 | Lair:4   | Reached skill level 10 in Ice Magic
 13560 | Lair:4   | Reached skill level 10 in Air Magic
 13560 | Lair:4   | Reached skill level 10 in Earth Magic
 13560 | Lair:4   | Reached skill level 10 in Poison Magic
 13642 | Lair:4   | Found a staircase to the Slime Pits.
 13653 | Lair:4   | Noticed a six-headed hydra
 13664 | Lair:4   | Killed a six-headed hydra
 13809 | Lair:4   | Reached skill level 5 in Stealth
 13813 | Lair:4   | Reached skill level 6 in Armour
 13813 | Lair:4   | Reached skill level 3 in Evocations
 14744 | Lair:5   | Entered Level 5 of the Lair of Beasts
 14803 | Lair:5   | Noticed a four-headed hydra
 14809 | Lair:5   | Killed a four-headed hydra
 14810 | Lair:5   | Reached XP level 14. HP: 109/110 MP: 0/0
 14923 | Lair:5   | Reached skill level 6 in Invocations
 15022 | Lair:5   | Identified the +5 plate armour of Wimurruv {Int+3 SInv
                  | Stlth+}
 15065 | Lair:5   | Reached skill level 4 in Evocations
 15090 | Lair:5   | Reached skill level 10 in Dodging
 15253 | Lair:5   | Reached skill level 6 in Stealth
 15315 | Lair:5   | Reached skill level 1 in Shields
 15322 | Lair:5   | Reached ****** piety under Makhleb
 15340 | Lair:5   | Reached skill level 5 in Evocations
 15490 | Lair:5   | Reached skill level 2 in Shields
 15636 | Lair:5   | Reached skill level 7 in Invocations
 16070 | D:12     | Found a runed translucent door.
 16071 | D:12     | Noticed timneilson's ghost (journeyman OpSh)
 16177 | D:12     | You are sucked into a shaft and drop 1 floor!
 16400 | D:13     | Found the crystal ball of Wucad Mu {*channel}
 16442 | D:13     | Reached skill level 14 in Fighting
 17283 | D:12     | Reached skill level 3 in Shields
 17305 | D:12     | Reached XP level 15. HP: 93/117 MP: 0/0
 17305 | D:12     | Learned a level 6 spell: Simulacrum
 18058 | D:12     | Noticed a fire giant
 18357 | D:13     | Reached skill level 6 in Evocations
 18579 | D:14     | Reached skill level 11 in Dodging
 18649 | D:14     | Reached skill level 1 in Short Blades
 18663 | D:14     | Found a gate to the Vaults.
 18740 | D:14     | Found a gate leading to a gauntlet.
 18752 | Gauntlet | Entered a Gauntlet
 18752 | Gauntlet | Found a transporter.
 18758 | Gauntlet | Found a runed translucent gate.
 18758 | Gauntlet | Found a runed translucent gate.
 18758 | Gauntlet | Found a runed translucent gate.
 18760 | Gauntlet | Found a transporter.
 18764 | Gauntlet | Found a transporter.
 18772 | Gauntlet | Found a transporter.
 18776 | Gauntlet | Found a transporter.
 18780 | Gauntlet | Found a runed translucent door.
 18781 | Gauntlet | Found a runed translucent door.
 18784 | Gauntlet | Found a transporter.
 18788 | Gauntlet | Found a transporter.
 18796 | Gauntlet | Found a transporter.
 18800 | Gauntlet | Found a transporter.
 18809 | Gauntlet | Found a transporter.
 18840 | Gauntlet | Found a transporter.
 18852 | Gauntlet | Found a transporter.
 18865 | Gauntlet | Found a transporter.
 18878 | Gauntlet | Found a transporter.
 18961 | Gauntlet | Reached skill level 4 in Shields
 19004 | Gauntlet | Identified the ring of Starshine {Ice Str+3}
 19223 | Gauntlet | Reached skill level 8 in Invocations
 19353 | Gauntlet | Reached skill level 2 in Short Blades
 19485 | Gauntlet | Identified the +1 robe of Complete Protection {Will+}
 19485 | Gauntlet | Identified the +5 lajatang of Untimely Demise {drain, rElec
                  | rF++ Str+2}
 19485 | Gauntlet | Identified the +2 dagger "Sugimn" {vamp, rN+ Str+3 SInv}
 19701 | D:14     | Found an iron altar of Okawaru.
 20121 | D:15     | Entered Level 15 of the Dungeon
 20121 | D:15     | Noticed a tengu reaver
 20122 | D:15     | Noticed Etsiduud's ghost (journeyman MiFi)
 20130 | D:15     | Found a transporter.
 20132 | D:15     | Noticed Azrael
 20148 | D:15     | Killed Azrael
 20502 | D:15     | Reached skill level 5 in Shields
 20507 | D:15     | Found a staircase to the Depths.
 20921 | D:15     | Found a transporter.
 21479 | Orc:1    | Entered Level 1 of the Orcish Mines
 21495 | Orc:1    | Reached skill level 11 in Spellcasting
 21495 | Orc:1    | Reached skill level 11 in Conjurations
 21495 | Orc:1    | Reached skill level 11 in Hexes
 21495 | Orc:1    | Reached skill level 11 in Summonings
 21495 | Orc:1    | Reached skill level 11 in Necromancy
 21495 | Orc:1    | Reached skill level 11 in Translocations
 21495 | Orc:1    | Reached skill level 11 in Transmutations
 21495 | Orc:1    | Reached skill level 11 in Fire Magic
 21495 | Orc:1    | Reached skill level 11 in Ice Magic
 21495 | Orc:1    | Reached skill level 11 in Air Magic
 21495 | Orc:1    | Reached skill level 11 in Earth Magic
 21495 | Orc:1    | Reached skill level 11 in Poison Magic
 21583 | Orc:2    | Entered Level 2 of the Orcish Mines
 21585 | Orc:2    | Noticed Jorgrun
 21620 | Orc:2    | Found a staircase to the Elven Halls.
 21635 | Orc:2    | Found a flickering gateway to a bazaar.
 21675 | Orc:2    | Reached XP level 16. HP: 107/124 MP: 0/0
 21738 | Orc:2    | Found Siepliuf's Antique Armour Boutique.
 21752 | Orc:2    | Reached skill level 12 in Dodging
 21777 | Orc:2    | Reached skill level 1 in Staves
 21785 | Orc:2    | Reached skill level 6 in Shields
 21792 | Bazaar   | Entered a bazaar
 21792 | Bazaar   | Found Byogrurph's Jewellery Emporium.
 21792 | Bazaar   | Found Das Zaoca's Antique Weapon Shop.
 21792 | Bazaar   | Found Leacutes's Book Shoppe.
 21794 | Bazaar   | Found Kec Bioc's Armour Boutique.
 21794 | Bazaar   | Found Quaghich's Antique Weapon Shoppe.
 21944 | Orc:2    | Reached skill level 9 in Invocations
 21993 | Orc:2    | Reached skill level 15 in Fighting
 21996 | Orc:2    | Reached skill level 2 in Staves
 22110 | Orc:1    | Upgraded the game from 0.31-a0-986-g5e6e4ef867 to
                  | 0.31-a0-1074-g0b22e4e0f1
 22141 | Orc:2    | Killed Jorgrun
 22142 | Orc:2    | Reached skill level 7 in Shields
 22234 | Orc:2    | Found Tizxubyl's Antique Weapon Shop.
 22252 | Orc:2    | Found Itea's Distillery.
 22262 | Orc:2    | Found Bojaub's Antique Weapon Shop.
 22711 | Orc:2    | Bought a potion of curing for 42 gold pieces
 22711 | Orc:2    | Bought a potion of heal wounds for 70 gold pieces
 22711 | Orc:2    | Bought a potion of curing for 42 gold pieces
 22711 | Orc:2    | Bought a potion of mutation for 112 gold pieces
 22768 | D:9      | Bought 2 potions of haste for 300 gold pieces
 22789 | D:9      | Bought 2 throwing nets for 72 gold pieces
 22809 | D:9      | Bought a potion of brilliance for 148 gold pieces
 22944 | Snake:1  | Entered Level 1 of the Snake Pit
 23090 | Snake:1  | Reached skill level 10 in Invocations
 23369 | Snake:1  | Reached skill level 8 in Shields
 23800 | Snake:1  | Found a runed translucent door.
 23800 | Snake:1  | Noticed Axiustri's ghost (adept DESu)
 23958 | Snake:1  | Killed Axiustri's ghost
 23973 | Snake:1  | Identified the +1 cloak of the Desert {rN+}
 24208 | Snake:2  | Found a blossoming altar of Fedhas.
 24228 | Snake:2  | Reached XP level 17. HP: 130/133 MP: 0/0
 24228 | Snake:2  | Learned a level 6 spell: Starburst
 24234 | Snake:2  | Reached skill level 16 in Fighting
 24266 | Snake:2  | Reached skill level 11 in Invocations
 24313 | Snake:2  | Reached skill level 9 in Shields
 24615 | Snake:2  | HP: 11/133 [naga warrior/+0 glaive (28)]
 24699 | Snake:2  | Identified the serpent talisman "Qyhuer" {rF- rN++ Dex-4
                  | Slay+5}
 24699 | Snake:2  | Noticed Aizul
 24814 | Snake:2  | Killed Aizul
 24999 | Snake:2  | You are sucked into a shaft and drop 1 floor!
 25118 | Snake:3  | Noticed Bai Suzhen
 25274 | Snake:2  | Found Aropok's Book Emporium.
 25969 | Snake:3  | Reached skill level 10 in Shields
 26158 | Snake:3  | Identified the +5 quarterstaff "Gupnupel" {drain, *Corrode
                  | Str+4 Int+4}
 26526 | Snake:3  | Killed Bai Suzhen
 26942 | Snake:4  | Entered Level 4 of the Snake Pit
 26945 | Snake:4  | Noticed Vashnia
 26949 | Snake:4  | Reached skill level 3 in Staves
 27123 | Snake:3  | Reached skill level 17 in Fighting
 27125 | Snake:3  | Reached XP level 18. HP: 74/142 MP: 0/0
 27168 | Snake:4  | Reached skill level 4 in Staves
 27168 | Snake:4  | Reached skill level 12 in Spellcasting
 27168 | Snake:4  | Reached skill level 12 in Conjurations
 27168 | Snake:4  | Reached skill level 12 in Hexes
 27168 | Snake:4  | Reached skill level 12 in Summonings
 27168 | Snake:4  | Reached skill level 12 in Necromancy
 27168 | Snake:4  | Reached skill level 12 in Translocations
 27168 | Snake:4  | Reached skill level 12 in Transmutations
 27168 | Snake:4  | Reached skill level 12 in Fire Magic
 27168 | Snake:4  | Reached skill level 12 in Ice Magic
 27168 | Snake:4  | Reached skill level 12 in Air Magic
 27168 | Snake:4  | Reached skill level 12 in Earth Magic
 27168 | Snake:4  | Reached skill level 12 in Poison Magic
 27479 | Snake:4  | Killed Vashnia
 27639 | Snake:4  | Reached skill level 5 in Staves
 28105 | Snake:4  | Got a serpentine rune of Zot
 28198 | Snake:4  | Identified the +1 ring mail "Cecet" {+Inv rC+ Will- rCorr}
 28537 | Shoals:1 | Entered Level 1 of the Shoals
 28549 | Shoals:1 | Reached skill level 13 in Spellcasting
 28549 | Shoals:1 | Reached skill level 13 in Conjurations
 28549 | Shoals:1 | Reached skill level 13 in Hexes
 28549 | Shoals:1 | Reached skill level 13 in Summonings
 28549 | Shoals:1 | Reached skill level 13 in Necromancy
 28549 | Shoals:1 | Reached skill level 13 in Translocations
 28549 | Shoals:1 | Reached skill level 13 in Transmutations
 28549 | Shoals:1 | Reached skill level 13 in Fire Magic
 28549 | Shoals:1 | Reached skill level 13 in Ice Magic
 28549 | Shoals:1 | Reached skill level 13 in Air Magic
 28549 | Shoals:1 | Reached skill level 13 in Earth Magic
 28549 | Shoals:1 | Reached skill level 13 in Poison Magic
 28590 | Shoals:1 | Reached skill level 6 in Staves
 28957 | Shoals:1 | Noticed a kraken
 28972 | Shoals:1 | Killed a kraken
 28985 | Shoals:1 | Reached XP level 19. HP: 150/150 MP: 0/0
 28985 | Shoals:1 | Learned a level 7 spell: Enfeeble
 29474 | Shoals:2 | Reached skill level 18 in Fighting
 30217 | Shoals:3 | Found Neurac's Armour Emporium.
 30242 | Shoals:3 | Bought the -2 hat of the Alchemist {rElec rPois rF+ rC+ rN+
                  | Will+ rMut rCorr} for 849 gold pieces
 30242 | Shoals:3 | Found the -2 hat of the Alchemist {rElec rPois rF+ rC+ rN+
                  | Will+ rMut rCorr}
 30271 | Shoals:3 | Found a snail-covered altar of Cheibriados.
 30549 | Shoals:3 | Found Fidoxtek's Jewellery Emporium.
 30657 | Shoals:3 | Found Sisel's Book Shoppe.
 31114 | Shoals:3 | Reached skill level 14 in Spellcasting
 31114 | Shoals:3 | Reached skill level 14 in Conjurations
 31114 | Shoals:3 | Reached skill level 14 in Hexes
 31114 | Shoals:3 | Reached skill level 14 in Summonings
 31114 | Shoals:3 | Reached skill level 14 in Necromancy
 31114 | Shoals:3 | Reached skill level 14 in Translocations
 31114 | Shoals:3 | Reached skill level 14 in Transmutations
 31114 | Shoals:3 | Reached skill level 14 in Fire Magic
 31114 | Shoals:3 | Reached skill level 14 in Ice Magic
 31114 | Shoals:3 | Reached skill level 14 in Air Magic
 31114 | Shoals:3 | Reached skill level 14 in Earth Magic
 31114 | Shoals:3 | Reached skill level 14 in Poison Magic
 31170 | Shoals:4 | Entered Level 4 of the Shoals
 31216 | Shoals:4 | Found Hucut's Magic Scroll Shop.
 31250 | Shoals:4 | Bought a scroll of blinking for 120 gold pieces
 31250 | Shoals:4 | Bought a scroll of fog for 64 gold pieces
 31250 | Shoals:4 | Bought a scroll of revelation for 120 gold pieces
 31364 | Shoals:4 | Noticed Kirke
 31373 | Shoals:4 | Killed Kirke
 31425 | Shoals:4 | Found Kaafedgh's Book Shoppe.
 31948 | Shoals:4 | Found Angij's Antique Weapon Shoppe.
 32069 | Shoals:4 | HP: 13/151 [merfolk/+0 trident (15)]
 32293 | Shoals:4 | Reached skill level 7 in Staves
 32297 | Shoals:4 | Got a barnacled rune of Zot
 32371 | Shoals:4 | Reached XP level 20. HP: 131/158 MP: 0/0
 32421 | Shoals:4 | Reached skill level 11 in Shields
 32493 | Shoals:4 | Identified the ring "Loedunko" {Will+ rCorr AC+4}
 33116 | Depths:1 | Entered Level 1 of the Depths
 33122 | Depths:1 | Reached skill level 13 in Dodging
 33196 | Vaults:1 | Entered Level 1 of the Vaults
 33525 | Vaults:1 | Reached skill level 8 in Staves
 33692 | Vaults:1 | Reached skill level 15 in Earth Magic
 34191 | Vaults:1 | Identified the +9 war axe "Cin Pox" {drain, Dex+2}
 34195 | Vaults:1 | Found Etweimno's Book Shop.
 34567 | Vaults:2 | Found a crumbling gateway.
 34579 | Desolati | Entered the Desolation of Salt
 34598 | Desolati | Reached skill level 9 in Staves
 34697 | Desolati | Reached skill level 19 in Fighting
 34716 | Desolati | Identified the ring of Xosimuress {Ice Int+2}
 34730 | Desolati | Identified the ring of the Scarab {*Corrode rPois rC+ rN+++
                  | Str-5}
 34834 | Desolati | Identified the amulet of Jigacit {Reflect rF- Will++ SH+5}
 34883 | Desolati | Identified the +0 ring mail of Midnight {SInv}
 34890 | Desolati | Found the +5 moon troll leather armour {Spirit, Regen++
                  | MP+5}
 35010 | Desolati | Identified the ring "Etsamel" {rN+ Dex+4}
 35030 | Desolati | Reached skill level 15 in Spellcasting
 35030 | Desolati | Reached skill level 15 in Conjurations
 35030 | Desolati | Reached skill level 15 in Hexes
 35030 | Desolati | Reached skill level 15 in Summonings
 35030 | Desolati | Reached skill level 15 in Necromancy
 35030 | Desolati | Reached skill level 15 in Translocations
 35030 | Desolati | Reached skill level 15 in Transmutations
 35030 | Desolati | Reached skill level 15 in Fire Magic
 35030 | Desolati | Reached skill level 15 in Ice Magic
 35030 | Desolati | Reached skill level 15 in Air Magic
 35030 | Desolati | Reached skill level 15 in Poison Magic
 35030 | Desolati | Reached XP level 21. HP: 157/166 MP: 0/0
 35030 | Desolati | Learned a level 8 spell: Lehudib's Crystal Spear
 35031 | Desolati | Reached skill level 12 in Shields
 35045 | Desolati | Identified the amulet "Rylil" {Reflect Harm rCorr SH+5
                  | Stlth+}
 35110 | Desolati | Identified the amulet "Veegi" {Reflect rF+ Dex+6 SH+5}
 35129 | Desolati | Reached skill level 10 in Staves
 35143 | Desolati | Reached skill level 14 in Dodging
 35143 | Desolati | Reached skill level 16 in Earth Magic
 35154 | Desolati | Identified the amulet "Viytigi" {Spirit *Corrode Dex+7}
 35991 | Vaults:2 | Found Taheacw's Weapon Shoppe.
 36101 | Vaults:2 | Reached skill level 11 in Staves
 36104 | Vaults:2 | Reached skill level 16 in Fire Magic
 36288 | Vaults:2 | Noticed Zenata
 36294 | Vaults:2 | Killed Zenata
 36296 | Vaults:2 | Reached skill level 17 in Earth Magic
 36670 | Vaults:2 | Reached skill level 13 in Shields
 36972 | Vaults:2 | Reached skill level 12 in Staves
 36972 | Vaults:2 | Reached skill level 16 in Spellcasting
 36972 | Vaults:2 | Reached skill level 16 in Conjurations
 36972 | Vaults:2 | Reached skill level 16 in Hexes
 36972 | Vaults:2 | Reached skill level 16 in Summonings
 36972 | Vaults:2 | Reached skill level 16 in Necromancy
 36972 | Vaults:2 | Reached skill level 16 in Translocations
 36972 | Vaults:2 | Reached skill level 16 in Transmutations
 36972 | Vaults:2 | Reached skill level 16 in Ice Magic
 36972 | Vaults:2 | Reached skill level 16 in Air Magic
 36972 | Vaults:2 | Reached skill level 16 in Poison Magic
 36992 | Vaults:2 | Reached skill level 17 in Fire Magic
 36995 | Vaults:2 | Reached XP level 22. HP: 172/172 MP: 0/0
 37179 | Vaults:2 | Reached skill level 18 in Earth Magic
 37385 | Vaults:3 | You are sucked into a shaft and drop 1 floor!
 37483 | Vaults:3 | Reached skill level 18 in Fire Magic
 37673 | Vaults:3 | Reached skill level 14 in Shields
 37730 | Vaults:3 | Reached skill level 19 in Earth Magic
 37967 | Vaults:3 | Reached skill level 17 in Spellcasting
 37967 | Vaults:3 | Reached skill level 17 in Conjurations
 37967 | Vaults:3 | Reached skill level 17 in Hexes
 37967 | Vaults:3 | Reached skill level 17 in Summonings
 37967 | Vaults:3 | Reached skill level 17 in Necromancy
 37967 | Vaults:3 | Reached skill level 17 in Translocations
 37967 | Vaults:3 | Reached skill level 17 in Transmutations
 37967 | Vaults:3 | Reached skill level 17 in Ice Magic
 37967 | Vaults:3 | Reached skill level 17 in Air Magic
 37967 | Vaults:3 | Reached skill level 17 in Poison Magic
 38047 | Vaults:3 | Reached skill level 19 in Fire Magic
 38212 | Vaults:3 | Found a staircase to the Crypt.
 38684 | Vaults:4 | Found a runed translucent gate.
 38684 | Vaults:4 | Found a runed translucent gate.
 38684 | Vaults:4 | Found a runed translucent gate.
 38685 | Vaults:4 | Noticed Kevimi's ghost (adept FeNe)
 38685 | Vaults:4 | Noticed Pileu's ghost (adept DsFE)
 38711 | Vaults:4 | Reached skill level 20 in Earth Magic
 38776 | Vaults:4 | Reached XP level 23. HP: 133/178 MP: 0/0
 38776 | Vaults:4 | Learned a level 7 spell: Malign Gateway
 39225 | Vaults:4 | Reached skill level 15 in Shields
 39332 | Vaults:4 | Reached skill level 20 in Fire Magic
 39540 | Vaults:4 | Reached skill level 18 in Spellcasting
 39540 | Vaults:4 | Reached skill level 18 in Conjurations
 39540 | Vaults:4 | Reached skill level 18 in Hexes
 39540 | Vaults:4 | Reached skill level 18 in Summonings
 39540 | Vaults:4 | Reached skill level 18 in Necromancy
 39540 | Vaults:4 | Reached skill level 18 in Translocations
 39540 | Vaults:4 | Reached skill level 18 in Transmutations
 39540 | Vaults:4 | Reached skill level 18 in Ice Magic
 39540 | Vaults:4 | Reached skill level 18 in Air Magic
 39540 | Vaults:4 | Reached skill level 18 in Poison Magic
 39736 | Vaults:4 | Killed Pileu's ghost
 39737 | Vaults:4 | Reached skill level 21 in Earth Magic
 39738 | Vaults:4 | Killed Kevimi's ghost
 40070 | Depths:1 | Found a gateway to Hell.
 40252 | Depths:1 | Reached skill level 21 in Fire Magic
 40474 | Depths:1 | Found a basalt altar of Yredelemnul.
 40494 | Depths:1 | Found a one-way gate leading to the halls of Pandemonium.
 41056 | Depths:2 | Reached skill level 22 in Earth Magic
 41448 | Depths:2 | Found Plog's Antique Weapon Boutique.
 41955 | Depths:3 | Found a one-way gate to the infinite horrors of the Abyss.
 42040 | Depths:3 | Reached XP level 24. HP: 185/185 MP: 0/0
 42050 | Depths:3 | Acquired a manual of Armour
 42056 | Depths:3 | Noticed a golden dragon
 42061 | Depths:3 | Killed a golden dragon
 42062 | Depths:3 | Reached skill level 12 in Invocations
 42070 | Depths:3 | Reached skill level 22 in Fire Magic
 42072 | Depths:3 | Reached skill level 19 in Spellcasting
 42072 | Depths:3 | Reached skill level 19 in Conjurations
 42072 | Depths:3 | Reached skill level 19 in Hexes
 42072 | Depths:3 | Reached skill level 19 in Summonings
 42072 | Depths:3 | Reached skill level 19 in Necromancy
 42072 | Depths:3 | Reached skill level 19 in Translocations
 42072 | Depths:3 | Reached skill level 19 in Transmutations
 42072 | Depths:3 | Reached skill level 19 in Ice Magic
 42072 | Depths:3 | Reached skill level 19 in Air Magic
 42072 | Depths:3 | Reached skill level 19 in Poison Magic
 42216 | Depths:3 | Reached skill level 7 in Armour
 42517 | Depths:3 | Found a one-way gateway to a ziggurat.
 42528 | Depths:3 | Found Losusew's Book Shoppe.
 42924 | Depths:4 | Entered Level 4 of the Depths
 43068 | Depths:4 | Reached skill level 8 in Armour
 43172 | Depths:4 | Noticed a juggernaut
 43175 | Depths:4 | Killed a juggernaut
 43236 | Depths:4 | Noticed a juggernaut
 43237 | Depths:4 | Noticed a golden dragon
 43244 | Depths:4 | Killed a juggernaut
 43246 | Depths:4 | Killed a golden dragon
 43247 | Depths:4 | Reached skill level 23 in Earth Magic
 43247 | Depths:4 | Reached skill level 7 in Evocations
 43271 | Depths:4 | Reached skill level 20 in Fighting
 43301 | Depths:4 | Reached skill level 9 in Armour
 43675 | Depths:4 | Found a gate to the Realm of Zot.
 43675 | Depths:4 | Noticed a golden dragon
 43682 | Depths:4 | Noticed a golden dragon
 43695 | Depths:4 | Killed a golden dragon
 44045 | Depths:4 | Killed a golden dragon
 44629 | Elf:1    | Entered Level 1 of the Elven Halls
 44640 | Elf:1    | Reached skill level 13 in Invocations
 44640 | Elf:1    | Reached XP level 25. HP: 188/193 MP: 0/0
 44640 | Elf:1    | Learned a level 9 spell: Polar Vortex
 45221 | Elf:1    | Reached skill level 10 in Armour
 45656 | Elf:2    | Reached skill level 8 in Evocations
 45726 | Elf:2    | Reached skill level 23 in Fire Magic
 45905 | Elf:2    | Found a runed translucent gate.
 45905 | Elf:2    | Found a runed translucent gate.
 45924 | Elf:2    | Found a runed translucent gate.
 46229 | Elf:2    | Found a bloodstained altar of Trog.
 46948 | Elf:3    | Entered Level 3 of the Elven Halls
 47552 | Elf:3    | Reached skill level 9 in Evocations
 47568 | Elf:3    | Reached skill level 24 in Earth Magic
 47586 | Elf:3    | Reached skill level 20 in Spellcasting
 47586 | Elf:3    | Reached skill level 20 in Conjurations
 47586 | Elf:3    | Reached skill level 20 in Hexes
 47586 | Elf:3    | Reached skill level 20 in Summonings
 47586 | Elf:3    | Reached skill level 20 in Necromancy
 47586 | Elf:3    | Reached skill level 20 in Translocations
 47586 | Elf:3    | Reached skill level 20 in Transmutations
 47586 | Elf:3    | Reached skill level 20 in Ice Magic
 47586 | Elf:3    | Reached skill level 20 in Air Magic
 47586 | Elf:3    | Reached skill level 20 in Poison Magic
 47669 | Elf:3    | Identified the +1 chain mail "Sejit" {*Corrode rElec rPois
                  | Regen+}
 47685 | Elf:3    | Identified the ring "Hecsuply" {Fly rElec rPois rC- Dex-3}
 47690 | Elf:3    | Identified the +11 demon blade "Mytiliekuj" {vamp, rPois
                  | Str+2}
 47787 | Elf:3    | Identified the amulet "Ysink" {rC+ Regen+}
 47806 | Elf:3    | Identified the +4 chain mail "Maduts" {Str+4}
 47913 | Elf:3    | Reached skill level 14 in Invocations
 48013 | Elf:3    | Found Dasuhis's Book Boutique.
 48352 | Slime:1  | Entered Level 1 of the Pits of Slime
 48358 | Slime:1  | Reached XP level 26. HP: 195/202 MP: 0/0
 48412 | Slime:1  | Gained mutation: You are dopey. (Int -2) [a shining eye]
 48725 | Slime:4  | Reached skill level 24 in Fire Magic
 48752 | Slime:5  | Entered Level 5 of the Pits of Slime
 48790 | Slime:5  | Noticed the Royal Jelly
 48802 | Slime:5  | Killed the Royal Jelly
 48818 | Slime:5  | Reached skill level 10 in Evocations
 48836 | Slime:5  | Reached skill level 21 in Fighting
 48854 | Slime:5  | Found the +2 hat of the Bear Spirit {Spirit, Bear, *Rage
                  | Will++}
 48900 | Slime:5  | Got a slimy rune of Zot
 48935 | Slime:5  | Found the +3 warlock's mirror {omnireflect}
 49095 | Slime:5  | Identified the +3 sling "Lofeent" {flame, +Blink rElec rN+
                  | Int+5}
 49293 | Slime:5  | Reached skill level 21 in Ice Magic
 49676 | Lair:4   | Lost mutation: You are dopey. (Int -2) [potion of mutation]
 49676 | Lair:4   | Gained mutation: You are resistant to electric shocks.
                  | (rElec) [potion of mutation]
 50112 | Vaults:5 | Entered Level 5 of the Vaults
 50115 | Vaults:5 | Reached skill level 16 in Shields
 50116 | Vaults:5 | Reached skill level 25 in Earth Magic
 50492 | Vaults:5 | Reached skill level 25 in Fire Magic
 50785 | Vaults:5 | Reached skill level 21 in Spellcasting
 50785 | Vaults:5 | Reached skill level 21 in Conjurations
 50785 | Vaults:5 | Reached skill level 21 in Hexes
 50785 | Vaults:5 | Reached skill level 21 in Summonings
 50785 | Vaults:5 | Reached skill level 21 in Necromancy
 50785 | Vaults:5 | Reached skill level 21 in Translocations
 50785 | Vaults:5 | Reached skill level 21 in Transmutations
 50785 | Vaults:5 | Reached skill level 21 in Air Magic
 50785 | Vaults:5 | Reached skill level 21 in Poison Magic
 50787 | Vaults:5 | Reached skill level 22 in Ice Magic
 50807 | Vaults:5 | Got a silver rune of Zot
 50860 | Vaults:5 | Reached XP level 27. HP: 201/211 MP: 0/0
 50860 | Vaults:5 | Learned a level 9 spell: Dragon's Call
 50876 | Vaults:5 | Identified the +0 trident of Eluri {heavy, rN+ Stlth+}
 50890 | Vaults:5 | Identified the ring "Uplugroe" {rF+ Will+ Int+4 Dex+2}
 50895 | Vaults:5 | Noticed a dread lich
 50901 | Vaults:5 | Killed a dread lich
 50993 | Vaults:5 | Reached skill level 26 in Earth Magic
 51058 | Vaults:5 | Identified the +6 scimitar "Embalmer" {freeze, rN+ rCorr}
 51433 | Vaults:5 | Identified the +1 arbalest of Res Nullius {flame, Int+2}
 51465 | Vaults:5 | Reached skill level 26 in Fire Magic
 51565 | Vaults:5 | Reached skill level 22 in Fighting
 52521 | Zot:1    | Entered Level 1 of the Realm of Zot
 52581 | Zot:1    | Reached skill level 23 in Ice Magic
 52606 | Zot:1    | Noticed an orb of fire
 52616 | Zot:1    | Killed an orb of fire
 52730 | Zot:1    | Noticed an orb of fire
 52744 | Zot:1    | Killed an orb of fire
 52745 | Zot:1    | Reached skill level 7 in Stealth
 52749 | Zot:1    | Reached skill level 22 in Conjurations
 52829 | Zot:1    | Identified the +1 whip of the Viper {flame, rC+ rN+}
 53048 | Zot:1    | Reached skill level 27 in Earth Magic
 53089 | Zot:1    | Reached skill level 15 in Dodging
 53236 | Zot:1    | Reached skill level 22 in Spellcasting
 53236 | Zot:1    | Reached skill level 22 in Hexes
 53236 | Zot:1    | Reached skill level 22 in Summonings
 53236 | Zot:1    | Reached skill level 22 in Necromancy
 53236 | Zot:1    | Reached skill level 22 in Translocations
 53236 | Zot:1    | Reached skill level 22 in Transmutations
 53236 | Zot:1    | Reached skill level 22 in Air Magic
 53236 | Zot:1    | Reached skill level 22 in Poison Magic
 53393 | Zot:2    | Reached skill level 8 in Stealth
 53669 | Zot:2    | Reached skill level 24 in Ice Magic
 53671 | Zot:2    | Reached skill level 27 in Fire Magic
 53720 | Zot:2    | Reached skill level 23 in Conjurations
 54579 | Zot:2    | Acquired 1119 gold pieces
 54778 | Zot:3    | Reached skill level 9 in Stealth
 55051 | Zot:3    | Identified the granite talisman "Nustaodgh" {rF- rC- SInv
                  | Stlth+}
 55170 | Zot:3    | Reached skill level 16 in Dodging
 56328 | Zot:4    | Found a transporter.
 56330 | Zot:4    | Found a transporter.
 56364 | Zot:4    | Reached skill level 25 in Ice Magic
 56386 | Zot:4    | Reached skill level 23 in Fighting
 56462 | Zot:4    | Reached skill level 24 in Conjurations
 56549 | Zot:4    | Noticed a Killer Klown
 56556 | Zot:4    | Killed a Killer Klown
 56869 | Zot:4    | Found a transporter.
 56876 | Zot:4    | Found a transporter.
 56901 | Zot:4    | Found a transporter.
 56907 | Zot:4    | Found a transporter.
 57165 | Zot:5    | Entered Level 5 of the Realm of Zot
 57265 | Zot:5    | Reached skill level 10 in Stealth
 57345 | Zot:5    | Reached skill level 23 in Spellcasting
 57345 | Zot:5    | Reached skill level 23 in Hexes
 57345 | Zot:5    | Reached skill level 23 in Summonings
 57345 | Zot:5    | Reached skill level 23 in Necromancy
 57345 | Zot:5    | Reached skill level 23 in Translocations
 57345 | Zot:5    | Reached skill level 23 in Transmutations
 57345 | Zot:5    | Reached skill level 23 in Air Magic
 57345 | Zot:5    | Reached skill level 23 in Poison Magic
 57662 | Zot:5    | Noticed a dread lich
 57663 | Zot:5    | Noticed an ancient lich
 57671 | Zot:5    | Killed a dread lich
 57680 | Zot:5    | Killed an ancient lich
 57856 | Zot:5    | Noticed a dread lich
 57873 | Zot:5    | Killed a dread lich
 58020 | Zot:5    | Noticed a Killer Klown
 58042 | Zot:5    | Noticed an orb of fire
 58047 | Zot:5    | Killed an orb of fire
 58064 | Zot:5    | Reached skill level 26 in Ice Magic
 58078 | Zot:5    | Noticed a dread lich
 58078 | Zot:5    | Noticed a Killer Klown
 58094 | Zot:5    | Killed a Killer Klown
 58095 | Zot:5    | Reached skill level 17 in Dodging
 58095 | Zot:5    | Killed a dread lich
 58096 | Zot:5    | Reached skill level 25 in Conjurations
 58158 | Zot:5    | Noticed a Killer Klown
 58162 | Zot:5    | Noticed an orb of fire
 58163 | Zot:5    | Noticed an ancient lich
 58165 | Zot:5    | Noticed an ancient lich
 58166 | Zot:5    | Noticed an orb of fire
 58167 | Zot:5    | Killed a Killer Klown
 58167 | Zot:5    | Killed an orb of fire
 58169 | Zot:5    | Gained mutation: You are dopey. (Int -2) [an orb of fire]
 58172 | Zot:5    | Killed an orb of fire
 58173 | Zot:5    | Reached skill level 17 in Shields
 58173 | Zot:5    | Killed a Killer Klown
 58174 | Zot:5    | Reached skill level 11 in Stealth
 58177 | Zot:5    | Killed an ancient lich
 58178 | Zot:5    | Gained mutation: You are weak. (Str -2) [you]
 58179 | Zot:5    | Killed an ancient lich
 58272 | Zot:5    | Noticed a dread lich
 58282 | Zot:5    | Killed a dread lich
 58413 | Zot:5    | Got the Orb of Zot
 58430 | Zot:5    | Noticed Orith the pandemonium lord
 58881 | D:1      | Noticed Xiqumay the pandemonium lord
 58906 | D:$      | Escaped with the Orb!

Illustrated notes

Levels and vault maps discovered:
D:1:      dpeg_arrival_boxes_within_box, layout_loops_ring
D:2:      layout_rooms, uniq_crazy_yiuf_cottage, uniq_jessica, uniq_sigmund
D:3:      layout_loops_ring, lemuel_round_altar, bloody_makhleb,
          mainiacjoe_overflow_brackets, serial_shops,
          nicolae_shop_real_fake_doors, chequers_ecumenical_altar_simple
D:4:      layout_gridville, mainiacjoe_overflow_boulevard,
          kennysheep_little_box, nicolae_uskayaw_murder_on_the_dancefloor,
          serial_shops, nicolae_shop_tiny_waterfront,
          nicolae_shop_sticking_my_neck_out
D:5:      layout_loops_ring, minmay_temple_entry_junction, serial_shops, shop,
          kennysheep_generic_room_8
D:6:      layout_gridville, kennysheep_mini, lemuel_crystal_altar
D:7:      layout_gridville, nzn_wu_jian_council_hall
D:8:      layout_basic, nicolae_overflow_crystal_walls
D:9:      layout_big_octagon, orc_david_3, serial_shops,
          nicolae_shop_pleasant_corner_grove, shop, shop, shop, shop,
          minmay_misc_feat_room, st_stairs_13
D:10:     layout_long_grid
D:11:     layout_basic, lair_entry_dummy, hellmonk_ghost_happy_afterlife,
          slow_altar_2
D:12:     minmay_the_grid_four_pointed_star_mashed
          [minmay_the_grid_triangle_9x9_swiss_cheese,
          minmay_the_grid_triangle_9x9_pentomino_pain,
          minmay_the_grid_triangle_9x9_minimal,
          minmay_the_grid_triangle_9x9_zippers_horizontal,
          minmay_the_grid_prize_trominoes], layout_layer_cave,
          ebering_ghost_inner_flame, minmay_misc_feat_plants, hex_tiny
D:13:     layout_loops_ring
D:14:     layout_gridville, david_vaults_4, okawaru_ov_weapons_minmay,
          gauntlet_entry_generic, hangedman_decor_diamond_cutter,
          grunt_ministairs_9
D:15:     gammafunk_depths_entry_grave, layout_gridville, gammafunk_ghost_arena,
          hangedman_abyss_or_decor_clamps, uniq_azrael
Temple:   minmay_temple_forest_path
Lair:1:   layout_big_grid, grunt_megastairs_4, uniq_grum
Lair:2:   layout_small_grid, minmay_shoals_entry_hut,
          minmay_snake_entry_six_corridors, nicolae_quartered_pool_little
Lair:3:   layout_layer_cave, grunt_megastairs_3
Lair:4:   layout_cave_pods, dpeg_slime_entry_corner, serial_forest,
          infiniplex_forest_clump_tiny, infiniplex_forest_zigzag_1,
          infiniplex_forest_clump_double, infiniplex_forest_end_3,
          infiniplex_forest_straight_2, infiniplex_forest_end_2,
          infiniplex_forest_lined_room_
Lair:5:   minmay_lair_end_enchanted_forest, layout_loops_ring
Shoals:1: layout_shoals
Shoals:2: layout_shoals, nicolae_shoals_land_atoll, nicolae_tricolors
Shoals:3: cheibrodos_shoals_epimethial_gifts, layout_shoals, serial_shops, shop,
          nicolae_book_shop_shelving, nicolae_shop_peninsula,
          lemuel_centaur_altar
Shoals:4: shoals_end_simple, layout_shoals, serial_shops, shop,
          nicolae_shop_peninsula, shop_fountains, nicolae_shoals_goliath_grotto,
          uniq_kirke
Snake:1:  layout_concentric_octagons, gammafunk_ghost_grave
Snake:2:  layout_chambers, basic_altar, serial_shops, shop, uniq_aizul
Snake:3:  layout_layer_cave, serial_bayou_shore_a, uniq_bai_suzhen
Snake:4:  grunt_snake_rune_pools, layout_grid_shapes, st_stairs_13, uniq_vashnia
Slime:1:  layout_caves, cheibrodos_slime_lost_civilization_5
Slime:2:  layout_caves, cheibrodos_slime_lost_civilization_4
Slime:3:  layout_caves
Slime:4:  layout_caves
Slime:5:  slime_pit_nicolae_trefoil
Orc:1:    layout_caves, basic_altar
Orc:2:    st_orc_open, layout_caves, serial_shops, bzr_entry_gold, uniq_jorgrun
Elf:1:    minmay_elf_arrival_circle, layout_loops_corners, basic_altar,
          minmay_elf_sorcery, nicolae_elf_big_sculpture_3
Elf:2:    nicolae_elf_blades_splatter_lattice [grunt_blade_entry_basic],
          layout_loops_ring, evilmike_spriggan_trog_shrine
Elf:3:    elf_hall_gauntlet_wide, layout_loops_cross, serial_shops,
          nicolae_lakefront_shop
Vaults:1: v_alt_pattern_5, nicolae_vaults_sesquioval_fish, vaults_dpeg_doors,
          v_rooms_3, nicolae_vaults_closet_pinwheel_1, nicolae_vaults_house_1,
          vaults_standard_mumra_x, nicolae_vaults_house_2,
          nicolae_vaults_trapezoid_2, ontoclasm_vaults_chip,
          layout_vaults_omnigrid, serial_shops, shop
Vaults:2: portal_desolation_entry_nicolae_slug, nicolae_vaults_mitosis,
          ontoclasm_vaults_claustrophobia, nicolae_vaults_tangent_ellipses,
          v_rooms_6, nicolae_vaults_taking_the_gang_shopping,
          nicolae_vaults_tetromino_Z_1, nicolae_vaults_bisected_inception,
          nicolae_vaults_tetromino_L_1, vaults_mumra_minichess,
          nicolae_vaults_storage_closets_1, vaults_mumra_chevron_long,
          dpeg_vaults_monster_row, layout_vaults_maze, uniq_zenata
Vaults:3: v_misc_27, grunt_vaults_swirl, nicolae_vaults_closet_pinwheel_2,
          nicolae_vaults_more_shelving_1, vaults_room_door_ring,
          nicolae_vaults_sesquioval_fish, minmay_crypt_entry_simple_statues,
          nicolae_vaults_tetromino_T_1, nicolae_vaults_network_square,
          vaults_room_pool, vaults_mumra_lcd, nicolae_vaults_little_squares_5,
          nicolae_vaults_cochlea, layout_vaults_omnicross
Vaults:4: gammafunk_ghost_cemetery, nicolae_vaults_diagonal_hallway_6,
          nicolae_vaults_variable_pillar_hall, nicolae_vaults_asterisk,
          hangedman_vaults_stitches, grunt_vaults_funnel,
          nicolae_vaults_tangram_1, nicolae_vaults_little_ls,
          nicolae_vaults_little_squares_5, v_misc_26, nicolae_vaults_house_3,
          v_rooms_1, ontoclasm_vaults_chip, layout_vaults_ring
Vaults:5: serial_shops
Depths:1: layout_cave_pools, lemuel_doored_altar, pan_entry, pf_coc_iceberg,
          kennysheep_small_square
Depths:2: nicolae_cairo_tiling, layout_honeycomb, grunt_hell_entry_dis_grunt,
          nicolae_concentric_dashed_squares_mild, rand_demon_pan_entry_4,
          serial_shops, shop
Depths:3: minmay_box_of_statues, layout_gridville, enter_ziggurat_b, hell_entry,
          abyss_entry_crystal, serial_shops, nicolae_shop_tiny_statue_garden,
          minmay_strange_pillars, grunt_megastairs_5,
          infiniplex_staircase_zigzag_5
Depths:4: grunt_zot_entry_funnels, layout_gridlike,
          nicolae_kite_square_tiling_tiny, hell_entry
Zot:1:    dreamdust_black_sun_cult, layout_misc_corridors
Zot:2:    layout_onion_interference, regret_index_zotdec_slimy_original,
          nicolae_zot_crop_circle, grunt_megastairs_1
Zot:3:    layout_concentric_octagons, hangedman_zot_diagonal_lockstep
Zot:4:    layout_cellular_growth, regret_index_zotdec_wing_it,
          serial_nicolae_subway, nicolae_sub_station_metal,
          nicolae_sub_station_stone, nicolae_sub_station_crystal
Zot:5:    layout_gridlike

Skill      XL: |  1  2  3  4  5  6  7  8  9 10 11 12 13 14 15 16 17 18 19 20 21 22 23 24 25 26 27 |
---------------+----------------------------------------------------------------------------------+-----
Spellcasting   | 4 5 6 8 9 10 11 13 14 15 16 17 18 19 20 21 23 | 23.7
Conjurations   | 4 5 6 8 9 10 11 13 14 15 16 17 18 19 20 21 25 | 25.6
Hexes          | 4 5 6 8 9 10 11 13 14 15 16 17 18 19 20 21 23 | 23.7
Summonings     | 4 5 6 8 9 10 11 13 14 15 16 17 18 19 20 21 23 | 23.7
Necromancy     | 4 5 6 8 9 10 11 13 14 15 16 17 18 19 20 21 23 | 23.7
Translocations | 4 5 6 8 9 10 11 13 14 15 16 17 18 19 20 21 23 | 23.7
Transmutations | 4 5 6 8 9 10 11 13 14 15 16 17 18 19 20 21 23 | 23.7
Fire Magic     | 4 5 6 8 9 10 11 13 14 15 17 19 21 22 23 25 27 | 27.0
Ice Magic      | 4 5 6 8 9 10 11 13 14 15 16 17 18 19 20 22 26 | 26.7
Air Magic      | 4 5 6 8 9 10 11 13 14 15 16 17 18 19 20 21 23 | 23.7
Earth Magic    | 4 5 6 8 9 10 11 13 14 15 17 20 22 23 24 25 27 | 27.0
Poison Magic   | 4 5 6 8 9 10 11 13 14 15 16 17 18 19 20 21 23 | 23.7
Fighting       | 1 2 4 5 7 8 10 11 12 13 14 15 17 18 19 20 21 23 | 23.6
Dodging        | 3 5 8 9 10 11 12 13 14 17 | 17.5
Armour         | 2 3 4 6 9 10 | 10.0
Stealth        | 2 3 5 6 11 | 11.2
Invocations    | 2 3 5 7 8 10 11 13 14 | 14.0
Evocations     | 2 3 5 6 7 9 10 | 10.0
Shields        | 3 5 8 10 11 13 14 15 16 17 | 17.2
Short Blades   | 2 |  2.0
Staves         | 2 3 6 7 9 12 | 12.0

Action                     |  1- 3 |  4- 6 |  7- 9 | 10-12 | 13-15 | 16-18 | 19-21 | 22-24 | 25-27 || total
---------------------------+-------+-------+-------+-------+-------+-------+-------+-------+-------++-------
  Melee: Short sword       |    23 |    22 |    19 |    81 |   104 |       |       |       |       ||   249
         Unarmed           |     1 |       |       |       |       |       |       |       |       ||     1
         Punch             |       |     1 |     1 |     4 |     3 |       |       |       |       ||     9
         Staff             |       |       |       |       |    75 |   488 |   628 |   226 |   325 ||  1742
   Cast: Foxfire           |    29 |    24 |    96 |   133 |    79 |    66 |    52 |     3 |       ||   482
         Shock             |     7 |    11 |    26 |    28 |    58 |    28 |       |       |     1 ||   159
         Scorch            |       |     5 |    76 |   143 |   405 |    56 |    24 |       |     2 ||   711
         Summon Guardian G |       |       |     1 |     6 |     1 |     6 |       |       |       ||    14
         Frozen Ramparts   |       |       |     1 |    10 |    41 |    41 |     1 |     2 |     4 ||   100
         Flame Wave        |       |       |       |    18 |    31 |    21 |     1 |       |       ||    71
         Fulminant Prism   |       |       |       |    34 |    44 |    80 |    10 |     1 |       ||   169
         Inner Flame       |       |       |       |     1 |     5 |     2 |       |       |       ||     8
         Volatile Blastmot |       |       |       |     3 |     4 |       |       |       |       ||     7
         Simulacrum        |       |       |       |       |     5 |     3 |       |       |       ||     8
         Yara's Violent Un |       |       |       |       |     1 |       |     3 |     3 |     3 ||    10
         Lesser Beckoning  |       |       |       |       |       |     1 |       |       |     1 ||     2
         Starburst         |       |       |       |       |       |   100 |   301 |   191 |   252 ||   844
         Enfeeble          |       |       |       |       |       |       |     4 |       |     3 ||     7
         Lehudib's Crystal |       |       |       |       |       |       |     5 |   211 |   463 ||   679
         Malign Gateway    |       |       |       |       |       |       |       |     3 |    10 ||    13
         Polar Vortex      |       |       |       |       |       |       |       |       |    15 ||    15
         Dragon's Call     |       |       |       |       |       |       |       |       |     2 ||     2
 Invoke: Greater Servant o |       |       |       |       |       |     1 |       |       |       ||     1
  Evoke: Wand              |       |       |       |     2 |     2 |     2 |     1 |       |     2 ||     9
    Use: Scroll            |       |     1 |    10 |    15 |     8 |     4 |     3 |     4 |    10 ||    55
         Potion            |       |       |       |       |       |     3 |     1 |     1 |     7 ||    12
   Stab: Sleeping          |     2 |       |       |       |    11 |     5 |    13 |     9 |     4 ||    44
         Paralysed         |       |       |       |     8 |       |       |       |       |       ||     8
         Distracted        |       |       |       |       |     2 |       |     2 |     1 |     2 ||     7
 Armour: Robe              |    16 |    19 |    39 |   178 |   470 |   561 |   495 |   194 |   393 ||  2365
  Dodge: Dodged            |    17 |    18 |    62 |   195 |   494 |   634 |   426 |   185 |   344 ||  2375
  Block: Buckler           |       |       |       |       |   113 |       |       |       |    10 ||   123
         Kite shield       |       |       |       |       |    41 |   807 |   655 |   403 |   668 ||  2574
         Reflection        |       |       |       |       |       |    16 |    36 |    51 |    62 ||   165

Table legend: (Time is in decaauts)
 A = Elapsed time spent in this place.
 B = Non-inter-level travel time spent in this place.
 C = Inter-level travel time spent in this place.
 D = Time resting spent in this place.
 E = Time spent auto-exploring this place.
 F = Levels seen in this place.
 G = Mean time per level.
                   A        B        C        D        E       F      G
               +--------+--------+--------+--------+--------+-----+--------+
         Total |  58967 |  53580 |   5387 |   8347 |  31635 |  56 | 1053.0 |
       Dungeon |  15908 |  13516 |   2392 |   1092 |   9784 |  15 | 1060.5 |
        Temple |      1 |      1 |      0 |      0 |      0 |   1 |    1.0 |
          Lair |   6510 |   5739 |    771 |    551 |   3785 |   5 | 1302.0 |
        Shoals |   4460 |   4255 |    205 |    808 |   2261 |   4 | 1115.0 |
     Snake Pit |   5692 |   5350 |    342 |   1094 |   2503 |   4 | 1423.0 |
    Slime Pits |   1283 |   1176 |    107 |    243 |    497 |   5 |  256.6 |
  Orcish Mines |   1210 |   1039 |    171 |     24 |    527 |   2 |  605.0 |
   Elven Halls |   3504 |   3355 |    149 |    537 |   2056 |   3 | 1168.0 |
        Vaults |   7624 |   6946 |    678 |   1041 |   4105 |   5 | 1524.8 |
        Depths |   4677 |   4305 |    372 |    549 |   2947 |   4 | 1169.2 |
           Zot |   5945 |   5749 |    196 |   1913 |   2534 |   5 | 1189.0 |
        Bazaar |    147 |    147 |      0 |    100 |     21 |   1 |  147.0 |
    Desolation |   1216 |   1216 |      0 |     35 |    406 |   1 | 1216.0 |
      Gauntlet |    783 |    783 |      0 |    360 |    209 |   1 |  783.0 |
               +--------+--------+--------+--------+--------+-----+--------+

Top non-repeatable levels by time:
Vaults:4: 1975 daAuts
 Snake:3: 1780 daAuts
    D:12: 1736 daAuts
Vaults:2: 1639 daAuts
    D:11: 1559 daAuts
    D:15: 1556 daAuts
 Snake:2: 1529 daAuts
Depths:4: 1504 daAuts
Shoals:3: 1483 daAuts
Vaults:1: 1460 daAuts
  Lair:3: 1437 daAuts
  Lair:2: 1395 daAuts
  Lair:4: 1385 daAuts
Shoals:4: 1368 daAuts
     D:8: 1362 daAuts
